 Dungeon Crawl Stone Soup version 0.29-a0-97-g88c9fad16d (webtiles) character file.

Game seed: 2168918803371870872

7629 enile the Fighter (level 10, -3/115 HPs)
             Began as a Troll Fighter on Feb 14, 2022.
             Was a Priest of Ignis.
             Slain by an eight-headed hydra (5 damage)
             ... on level 9 of the Dungeon.
             The game lasted 00:24:46 (10186 turns).

enile the Fighter (Troll Fighter)                  Turns: 10186, Time: 00:24:46

Health: -3/115     AC:  7    Str: 38    XL:     10   Next: 98%
Magic:  9/9        EV:  9    Int:  4    God:    Ignis [***...]
Gold:   620        SH: 14    Dex:  9    Spells: 9/9 levels left

rFire   . . .      SeeInvis .   I - +3 flail
rCold   + . .      Faith    .   b - +0 kite shield
rNeg    + . .      Spirit   .   Y - +0 troll leather armour
rPois   .          Reflect  +   (helmet restricted)
rElec   .          Harm     .   C - +0 cloak
rCorr   .          Rampage  .   (gloves unavailable)
Will    .....                   (boots unavailable)
Stlth   ..........              E - amulet of reflection
HPRegen 1.89/turn               e - ring of positive energy
MPRegen 0.11/turn               G - ring "Ofinampe" {Ice Str+8 Slay+2 Stlth-}

@: studying Short Blades
A: large, unfitting armour, claws 3, regeneration 1, shaggy fur 1, tough skin 1
a: Renounce Religion, Fiery Armour, Foxfire Swarm


You were on level 9 of the Dungeon.
You worshipped Ignis.
Ignis was most pleased with you.
You visited 1 branch of the dungeon, and saw 9 of its levels.
You also visited: Sewer.

You collected 620 gold pieces.

Inventory:

Hand Weapons
 g - a +0 halberd
 i - a +0 halberd
 v - a +0 war axe
 y - a +4 quarterstaff of chaos
 F - a +0 trident of venom
 H - a +0 double sword
 I - a +3 flail (weapon)
 N - a +5 war axe of freezing
 O - a +4 great mace
 U - a +0 great sword
 W - a +1 battleaxe
Missiles
 k - 33 poisoned darts
Armour
 a - a +0 robe
 b - a +0 kite shield (worn)
 o - an orb of guile
 C - a +0 cloak (worn)
 S - a +0 robe of willpower
 V - a +1 robe of willpower
 Y - a +0 troll leather armour (worn)
Jewellery
 e - a ring of positive energy (left claw)
 n - a ring of resist corrosion
 E - an amulet of reflection (around neck)
 G - the ring "Ofinampe" (right claw) {Ice Str+8 Slay+2 Stlth-}
   (You found it on level 6 of the Dungeon)

   [ring of ice]

   It enhances your ice magic.
   Str:       It affects your strength (+8).
   Slay:      It affects your accuracy & damage with ranged weapons and melee
   (+2).
   rF:        It makes you vulnerable to fire.
   rC:        It protects you from cold.
   Stlth:     It makes you less stealthy.
Wands
 r - a wand of polymorph (13)
 K - a wand of flame (15) (quivered)
 M - a wand of digging (4)
 Q - a wand of iceblast (8)
Scrolls
 d - 7 scrolls of teleportation
 f - a scroll of magic mapping
 h - 2 scrolls of fog
 l - 2 scrolls of noise
 m - 2 scrolls of immolation
 q - a scroll of amnesia
 s - 4 scrolls of blinking {unknown}
 t - a scroll of torment
 w - a scroll of summoning {unknown}
 J - 2 scrolls of enchant armour {unknown}
 L - a scroll of silence {unknown}
 R - a scroll of identify
Potions
 c - 2 potions of might
 j - 2 potions of curing
 p - a potion of resistance {unknown}
 u - 3 potions of berserk rage {unknown}
 x - a potion of invisibility {unknown}
 z - 3 potions of haste {unknown}
 A - 2 potions of heal wounds {unknown}
 B - a potion of mutation {unknown}
 D - 2 potions of degeneration {unknown}
 P - a potion of brilliance {unknown}
 Z - a potion of attraction {unknown}
Miscellaneous
 T - a piece from Xom's chessboard (15/15)


   Skills:
 - Level 11.7 Fighting
 - Level 3.0 Long Blades
 - Level 4.0 Dodging
 - Level 7.0 Shields
 - Level 3.0 Unarmed Combat
 + Level 1.7 Evocations


You had 9 spell levels left.
You didn't know any spells.
Your spell library contained the following spells:

 Spells                   Type           Power      Damage    Failure   Level
 Portal Projectile        Hex/Tloc       0%         N/A       98%         3
 Tukima's Dance           Hex            0%         N/A       98%         3
 Anguish                  Hex/Necr       0%         N/A       100%        4
 Blade Hands              Tmut           0%         N/A       100%        5
 Excruciating Wounds      Necr           0%         N/A       100%        5
 Enfeeble                 Hex            0%         N/A       100%        7


Dungeon Overview and Level Annotations

Branches:
Dungeon (9/15)             Temple (0/1) D:7             Orc (0/2) D:9
  Sewer (visited)
   Lair: D:8-11

Altars:
Dithmenos
Gozag
Hepliaklqana
Kikubaaqudgha
Makhleb
Okawaru
Qazlal
Ru
Uskayaw
Wu Jian
Yredelemnul
Ignis

Annotations:
D:5 fat orc amulet
D:8 2 transporters amulet dracs


Innate Abilities, Weirdness & Mutations

You are too large for most types of armour.
You have claws for hands.
Your natural rate of healing is unusually fast.
You are covered in fur. (AC +1)
You have tough skin. (AC +1)


Message History

The eight-headed hydra is moderately wounded.
Aiming: Throw Flame
Press: ? - help, Q - select action, (/) - cycle Shift-Dir - straight line, f/p - eight-headed hydra
Aim: an eight-headed hydra (moderately wounded, 90% to hit)
The puff of flame hits the eight-headed hydra!
The eight-headed hydra is heavily wounded.
I - a +3 flail (weapon)
You block the eight-headed hydra's attack. x3
The eight-headed hydra bites you. The eight-headed hydra bites you!
The eight-headed hydra bites you but does no damage.
The eight-headed hydra bites you! x2
You thump the eight-headed hydra!
The eight-headed hydra is severely wounded.
You block the eight-headed hydra's attack. x2
The eight-headed hydra closely misses you.
The eight-headed hydra bites you. x2
The eight-headed hydra barely misses you.
The eight-headed hydra bites you!
The eight-headed hydra barely misses you.
You sock the eight-headed hydra!
The eight-headed hydra is severely wounded.
The eight-headed hydra completely misses you.
The eight-headed hydra bites you!
You block the eight-headed hydra's attack.
The eight-headed hydra bites you!
* * * LOW HITPOINT WARNING * * *
The eight-headed hydra bites you but does no damage.
The eight-headed hydra closely misses you.
You block the eight-headed hydra's attack.
The eight-headed hydra bites you.
* * * LOW HITPOINT WARNING * * *
The eight-headed hydra bites you!
* * * LOW HITPOINT WARNING * * *
The eight-headed hydra closely misses you.
The eight-headed hydra bites you.
* * * LOW HITPOINT WARNING * * *
The eight-headed hydra bites you!
* * * LOW HITPOINT WARNING * * *
The eight-headed hydra bites you.
You die...

#.......# #.......#
#.......# #.......#
####.......#
########..........#
#.................#
#.'###............##
##.#@D###............
#..#.#..###....[.....
#..#.###(.###........
#..##. ###..###......
#..# # ###..###....
#..# ###.)##... #..#
+#..###. ######..#
###..## #####
#.......# #.#.(


You could see an eight-headed hydra.

Vanquished Creatures
  Psyche (D:8)
  The ghost of Creed the Conjurer, a novice HuCj of Sif Muna (D:5)
  A kobold demonologist (D:9)
  3 trolls (D:9)
  A shadow (D:9)
  A wyvern (D:8)
  3 yaks (D:8)
  3 steam dragons
  A two-headed ogre zombie (D:9)
  A water moccasin (D:7)
  Pargi (Sewer)
  2 orc warriors
  A sky beast (D:6)
  A necrophage (D:4)
  3 ice beasts
  5 ogres
  2 centaurs
  A phantom (D:9)
  2 kobold brigands
  3 bullfrogs
  A wyvern zombie (D:8)
  3 scorpions
  A gnoll sergeant (D:7)
  A wyvern skeleton (D:7)
  2 water moccasin skeletons
  14 killer bees
  2 troll zombies (D:9)
  13 wights
  2 howler monkeys
  2 centaur zombies
  4 gnoll shamans
  4 jellies
  4 orc priests
  A bullfrog skeleton (D:5)
  5 hounds
  An iguana (D:5)
  A centaur skeleton (D:7)
  Crazy Yiuf (D:5)
  4 orc wizards
  2 killer bee zombies (D:8)
  5 ogre zombies (D:9)
  3 howler monkey zombies
  27 gnolls
  7 adders
  A howler monkey skeleton (D:6)
  A river rat (D:5)
  A white imp (D:6)
  An ufetubus (D:6)
  An adder skeleton (D:4)
  A worm (D:5)
  2 dart slugs
  27 orcs
  9 ball pythons
  5 endoplasms
  3 giant cockroaches
  2 goblins (D:1)
  3 hobgoblins
  8 jackals
  15 kobolds
  4 quokkas
  7 bats
  8 frilled lizards
  2 goblin skeletons (D:9)
  2 goblin zombies (D:9)
  2 hobgoblin skeletons (D:9)
  4 hobgoblin zombies (D:9)
  14 orc zombies (D:9)
  11 rats
281 creatures vanquished.

Vanquished Creatures (others)
  An orc zombie (D:9)
  32 foxfires
33 creatures vanquished.

Grand Total: 314 creatures vanquished

Notes
Turn   | Place    | Note
-------+----------+-------------------------------------------
     0 | D:1      | enile the Troll Fighter began the quest for the Orb.
     0 | D:1      | Reached XP level 1. HP: 22/22 MP: 0/0
   166 | D:1      | Reached XP level 2. HP: 28/29 MP: 1/1
   714 | D:2      | Reached XP level 3. HP: 33/36 MP: 2/2
  1056 | D:2      | Reached XP level 4. HP: 39/44 MP: 3/3
  1472 | D:3      | Reached skill level 3 in Fighting
  1828 | D:3      | Found a faded altar of an unknown god.
  1857 | D:3      | Prayed at the altar of an unknown god.
  1857 | D:3      | Became a worshipper of Ignis, the Dying Flame
  1981 | D:3      | You fall into a shaft and drop 1 floor!
  2023 | D:4      | Reached XP level 5. HP: 43/53 MP: 4/4
  2098 | D:4      | Found a shadowy altar of Dithmenos.
  2193 | D:4      | Reached skill level 4 in Fighting
  2246 | D:4      | Noticed a necrophage
  2247 | D:4      | Found a hazy altar of Hepliaklqana.
  2255 | D:4      | Noticed an ice beast
  2276 | D:4      | Killed an ice beast
  2277 | D:4      | Reached XP level 6. HP: 62/63 MP: 5/5
  2282 | D:4      | Reached skill level 5 in Fighting
  2501 | D:4      | Found a stormy altar of Qazlal.
  2594 | D:4      | Reached XP level 7. HP: 60/72 MP: 6/6
  2936 | D:4      | Reached skill level 5 in Shields
  3049 | D:5      | Entered Level 5 of the Dungeon
  3190 | D:5      | Found a burning altar of Makhleb.
  3190 | D:5      | Found an opulent altar of Gozag.
  3190 | D:5      | Found an iron altar of Okawaru.
  3291 | D:5      | Found a glowing drain.
  3324 | Sewer    | Entered a sewer
  3346 | Sewer    | Noticed Pargi
  3357 | Sewer    | Killed Pargi
  3358 | Sewer    | Reached XP level 8. HP: 61/80 MP: 7/7
  3936 | D:3      | Found a hide-covered altar of Uskayaw.
  4237 | D:5      | Identified the +2 scale mail "Aphufoqa" {rPois}
  4308 | D:5      | Found a transporter.
  4311 | D:5      | Noticed Creed's ghost (novice HuCj)
  4322 | D:5      | Found a transporter.
  4504 | D:5      | Found a runed translucent door.
  4505 | D:5      | Noticed Crazy Yiuf
  4586 | D:5      | Killed Crazy Yiuf
  5098 | D:6      | Reached skill level 6 in Fighting
  5692 | D:6      | Identified the ring "Ofinampe" {Ice Str+8 Slay+2 Stlth-}
  5997 | D:6      | Reached skill level 7 in Fighting
  6182 | D:6      | Reached skill level 1 in Long Blades
  6394 | D:7      | Reached XP level 9. HP: 84/93 MP: 8/8
  7364 | D:7      | Found a staircase to the Ecumenical Temple.
  7461 | D:7      | Found an ornate altar of the Wu Jian Council.
  7714 | D:5      | Reached skill level 8 in Fighting
  7721 | D:5      | Killed Creed's ghost
  7898 | D:8      | Found an ancient bone altar of Kikubaaqudgha.
  7965 | D:8      | Reached skill level 9 in Fighting
  7974 | D:8      | Reached XP level 10. HP: 75/107 MP: 9/9
  8248 | D:8      | Noticed Psyche
  8265 | D:8      | Killed Psyche
  8407 | D:8      | Found a transporter.
  8408 | D:8      | Noticed a death knight
  8417 | D:8      | Found a transporter.
  8435 | D:8      | Found a basalt altar of Yredelemnul.
  8439 | D:8      | Noticed a flayed ghost
  8508 | D:9      | Found a staircase to the Orcish Mines.
  8518 | D:9      | Reached skill level 10 in Fighting
  9316 | D:9      | Reached skill level 11 in Fighting
  9854 | D:9      | Found a sacrificial altar of Ru.
  9940 | D:9      | Reached skill level 1 in Evocations
 10028 | D:9      | Noticed a boulder beetle
 10028 | D:9      | Noticed a boulder beetle
 10032 | D:9      | Noticed an eight-headed hydra
 10186 | D:9      | HP: 2/115 [eight-headed hydra (8)]
 10186 | D:9      | Slain by an eight-headed hydra

Illustrated notes

Levels and vault maps discovered:
D:1:      dpeg_arrival_more_subterranean_lakeside_camping, layout_basic
D:2:      layout_loops_ring, kennysheep_crisscross, grunt_ministairs_10,
          minmay_hexomino_c4
D:3:      layout_loops_cross, mainiacjoe_overflow_surrounded_room,
          chequers_ecumenical_altar_island
D:4:      layout_loops_corners, nicolae_dithmenos_the_darkroom,
          kennysheep_little_box, mainiacjoe_overflow_cross_hatched,
          nicolae_concentric_dashed_squares_wild
D:5:      layout_loops_ring, grunt_temple_overflow_open, portal_sewer_entry_b,
          gammafunk_ghost_smash, uniq_crazy_yiuf_cottage
D:6:      layout_basic, hangedman_decor_points
D:7:      layout_cave_pools, pdpol_wu_jian_five_deadly_venoms, temple_doors_e,
          serial_gnoll_camp, gnoll_camp_mini_loothouse, gnoll_camp_mini_hut,
          gnoll_camp_mini_house, gnoll_camp_mini_hut, grunt_ministairs_1
D:8:      layout_rooms, gammafunk_temple_of_torment, minmay_misc_feat_tiny,
          uniq_psyche
D:9:      minmay_the_grid_triangle_9x9_recursive_2
          [minmay_the_grid_triangle_9x9_prize_schism,
          minmay_the_grid_triangle_9x9_impossible_snake,
          minmay_the_grid_triangle_9x9_longest,
          minmay_the_grid_triangle_9x9_sparse_checkered], layout_cross,
          lemuel_doored_altar, zombieorc2_lemuel,
          chequers_serial_rivers_small_a, small_statue_intersection,
          kennysheep_cross_bottleneck

Skill      XL: |  1  2  3  4  5  6  7  8  9 10 |
---------------+-------------------------------+-----
Dodging        | 3 4 |  4.0
Fighting       | 3 4 5 7 9 11 | 11.7
Shields        | 3 4 6 7 |  7.0
Unarmed Combat | 3 |  3.0
Long Blades    | 2 3 |  3.0
Evocations     | 1 |  1.7

Action                   |  1- 3 |  4- 6 |  7- 9 | 10-12 || total
-------------------------+-------+-------+-------+-------++-------
Melee: Unarmed           |   122 |   143 |   191 |    16 ||   472
       Double sword      |       |       |   173 |   270 ||   443
       War axe           |       |       |    19 |       ||    19
       Flail             |       |       |       |     2 ||     2
Throw: Dart              |       |     6 |     9 |    17 ||    32
       Throwing net      |       |     1 |     2 |     4 ||     7
Invok: Fiery Armour      |       |       |     2 |     2 ||     4
       Foxfire Swarm     |       |       |     1 |     1 ||     2
       Rising Flame      |       |       |       |     1 ||     1
Evoke: Wand              |       |       |       |     8 ||     8
       Piece from Xom's  |       |       |       |     1 ||     1
  Use: Scroll            |       |       |    11 |     2 ||    13
       Potion            |       |       |     2 |     1 ||     3
 Stab: Sleeping          |       |     3 |       |       ||     3
       Held in net/web   |       |       |     1 |     1 ||     2
       Distracted        |       |       |       |     1 ||     1
Armor: Robe              |    65 |    32 |    94 |    80 ||   271
       Troll leather arm |       |       |       |     9 ||     9
       Skin              |       |       |       |     4 ||     4
Dodge: Dodged            |    61 |    43 |   151 |   145 ||   400
Block: Kite shield       |    45 |    47 |   221 |   286 ||   599
       Reflection        |       |       |       |     3 ||     3

Table legend: (Time is in decaauts)
 A = Elapsed time spent in this place.
 B = Non-inter-level travel time spent in this place.
 C = Inter-level travel time spent in this place.
 D = Time resting spent in this place.
 E = Time spent auto-exploring this place.
 F = Levels seen in this place.
 G = Mean time per level.
                   A        B        C        D        E       F      G
               +--------+--------+--------+--------+--------+-----+--------+
         Total |  10516 |   9663 |    853 |   1269 |   5803 |  10 | 1051.6 |
       Dungeon |  10278 |   9425 |    853 |   1269 |   5664 |   9 | 1142.0 |
         Sewer |    237 |    237 |      0 |      0 |    139 |   1 |  237.0 |
               +--------+--------+--------+--------+--------+-----+--------+

Top non-repeatable levels by time:
     D:5: 1845 daAuts
     D:6: 1442 daAuts
     D:8: 1283 daAuts
     D:4: 1228 daAuts
     D:9: 1195 daAuts
     D:7: 937 daAuts
     D:2: 827 daAuts
     D:3: 805 daAuts
     D:1: 713 daAuts
   Sewer: 237 daAuts
